AoeStats
← WolfAtic

African Clearing

510486282Analyzed
4v4 RM · 13h ago on Oct 1, 2026· 26m 25s· 8 players
Game mode
Random Map
Map size
Large (8 player)
Population
200
Speed
Normal
Resources
Standard
Victory
Conquest
Starting age
Dark Age
Ending age
Imperial Age
RankedLock teamsTeams togetherTeam positionsShared explorationLock speedFull tech treeHidden civsTurbo modeCheats
Victory
Defeat
🇨🇳 Wei · China
1232
+14
🇨🇳 Japanese · China
1146
+18
🇨🇳 Chinese · China
1130
+20
🇨🇳 Magyars · China
1109
+19
🇨🇳 Britons · China
1210
-18
🇩🇪 Franks · Germany
1195
-18
🇦🇷 Vietnamese · Argentina
1191
-18
🇳🇴 Varangians · Norway
1167
-17
King Stannis
11:31 Loom
13:35 Feudal Age
12:16 Loom
15:04 Double-Bit Axe
15:41 Forging
22:40 Castle Age
23:15 Scale Barding Armor
24:12 Husbandry
24:13 Gold Mining
WolfAtic
7:06 Loom
7:12 Loom
13:27 Feudal Age
13:49 Man-at-Arms
15:33 Horse Collar
老头
6:18 Loom
13:21 Feudal Age
19:19 Castle Age
18:12 Double-Bit Axe
[RA] Chebyta
9:39 Loom
15:02 Feudal Age
23:17 Castle Age
Yakamoon
6:25 Loom
12:48 Feudal Age
21:22 Scale Barding Armor
24:22 Castle Age
23:49 Double-Bit Axe
24:34 Light Cavalry
25:28 Bloodlines
25:18 Husbandry
26:54 Chain Barding Armor
TearsOfDisdain8
8:17 Loom
13:00 Feudal Age
17:16 Castle Age
14:55 Man-at-Arms
18:00 Double-Bit Axe
Cat direction
3:11 Loom
12:52 Feudal Age
13:52 Double-Bit Axe
16:30 Castle Age
15:12 Gold Mining
15:48 Scale Barding Armor
16:20 Gold Mining
16:46 Bloodlines
21:14 Horse Collar
24:10 Town Watch
24:30 Husbandry
25:45 Chain Barding Armor
Yuno Scrya
6:32 Loom
12:33 Feudal Age
23:58 Castle Age
24:51 Fletching
26:49 Bodkin Arrow
Connection lost

Rejoining the realm…

Still unreachable

The connection could not be restored.

Session expired

The server has moved on; the page needs a fresh start.